 Seeded DCSS version 0.32-a0-290-g598725c5f2 (webtiles) character file.

Game seed: 157123326472067067 (custom seed)

100 timneilson the Changeling (level 4, -9/29 HPs)
             Began as an Octopode Shapeshifter on Feb 13, 2024.
             Mangled by Sigmund
             ... wielding a +0 scythe
              (11 damage)
             ... on level 2 of the Dungeon.
             The game lasted 00:02:44 (1273 turns).

timneilson the Changeling (Octopode Shapeshifter)   Turns: 1273, Time: 00:02:45

Health: -9/29      AC:  1    Str: 15    XL:     4   Next: 73%
Magic:  4/4        EV: 13    Int: 12    God:
Gold:   179        SH:  0    Dex: 11    Spells: 3/3 levels left

rFire   . .          .
                       - Unarmed
rCold   . . .        (no shield)
rNeg    + . .        (helmet currently unavailable)
rPois   .            (no amulet)
rElec   .            d - ring of positive energy
rCorr   .            f - ring of flight
SInv    .            (no ring)
Will    .....        (no ring)
Stlth   ++           (no ring)
HPRegen 0.24/turn    (no ring)
MPRegen 0.09/turn    (no ring)
                     (no ring)

%: no passive effects
@: confused, beast-form, flying, studying Shapeshifting
A: beast (slay +2), almost no armour, amphibious, 8 rings, camouflage 1,
gelatinous body 1, (nimble swimmer 1), tentacles
a: Begin Untransformation


You were on level 2 of the Dungeon.
You were a hulking beast.
You visited 1 branch of the dungeon, and saw 2 of its levels.

You collected 179 gold pieces.

Inventory:

Missiles
 k - an atropa-tipped dart (quivered)
Jewellery
 d - a ring of positive energy (left tentacle)
 f - a ring of flight (right tentacle)
Talismans
 b - a beast talisman (active)
 c - a flux talisman
Scrolls
 j - a scroll of teleportation
Potions
 a - a potion of lignification
 e - a potion of haste {unknown}
 g - a potion of berserk rage {unknown}
 h - a potion of enlightenment {unknown}


   Skills:
 * Level 2.0 Fighting
 * Level 2.8 Dodging
 + Level 2.1 Stealth
 * Level 3.6 Unarmed Combat
 * Level 3.7 Shapeshifting


You had 3 spell levels left.
You didn't know any spells.
Your spell library contained the following spells:

 Spells                   Type           Power      Damage    Failure   Level
 Dazzling Flash           Conj/Hex       0%         N/A       69%         3
 Volatile Blastmotes      Fire/Tloc      0%         2d10      69%         3
 Starburst                Conj/Fire      0%         6d3       100%        6
 Maxwell's Capacitive Co  Air            0%         ∞         100%        8


Dungeon Overview and Level Annotations

Branches:
Dungeon (2/15)

Altars:

Shops:
D:1 *

Annotations:
D:2 Sigmund


Innate Abilities, Weirdness & Mutations

You are a hulking beast.
Your limbs bulge with bestial killing power. (Slay +2)
You cannot wear most types of armour.
You are amphibious.
You can wear up to eight rings at the same time.
Your skin changes colour to match your surroundings (Stealth+).
Your rubbery body absorbs attacks. (AC +1, EV +1)
((You are camouflaged when in or above water. (Stealth+)))
You have tentacles for arms and can constrict up to eight enemies at once.


Message History

Press: ? - help, Q - select action Shift-Dir - straight line, f/p - Sigmund
Aim: Sigmund, wielding a +0 scythe and wearing a +0 robe (52% to hit, chance to blind on hit: 83%)
You throw an atropa-tipped dart.
The atropa-tipped dart closely misses Sigmund.
Sigmund points at you and mumbles some strange words.
The puff of flame hits you.
Throw: 3 darts (atropa)
Press: ? - help, Q - select action Shift-Dir - straight line, f/p - Sigmund
Aim: Sigmund, wielding a +0 scythe and wearing a +0 robe (52% to hit, chance to blind on hit: 80%)
You throw an atropa-tipped dart.
The atropa-tipped dart closely misses Sigmund.
Throw: 2 darts (atropa)
Press: ? - help, Q - select action Shift-Dir - straight line, f/p - Sigmund
Aim: Sigmund, wielding a +0 scythe and wearing a +0 robe (52% to hit, chance to blind on hit: 80%)
You throw an atropa-tipped dart.
The atropa-tipped dart barely misses Sigmund.
Sigmund casts a spell at you. You resist with some effort.
Sigmund gestures at you while chanting.
You are confused.
You tentacle-slap the giant cockroach.
The giant cockroach is heavily wounded.
Sigmund closely misses you. The giant cockroach barely misses you.
You bump into the rock wall.
Sigmund casts a spell.
Sigmund flickers and vanishes!
Deactivating autopickup; reactivate with Ctrl-A.
The giant cockroach bites you.
You hear a shout!
You tentacle-slap something. The giant cockroach barely misses you.
Something hits you!
You miss the giant cockroach.
The giant cockroach is heavily wounded.
The giant cockroach closely misses you. Something hits you!
* * * LOW HITPOINT WARNING * * *
The giant cockroach bites you.
* * * LOW HITPOINT WARNING * * *
Something hits you!
You die...

#...... #............
#..... #............
.##.(... #########....
...... #########.###
#####.... #.........# #
........#######.#.......#
#
........g(....#.#.......#
#
##......{......#.......#
#
........wBh.#...#.......#
###..##.#<#.#...#.#####.#
.... #.#.#.#...#. #.# #..
#w#.#.#...# ... ..
#.#.#.#...#######.## #
#<#.#.#...........#
#.#.#.###..#####..#
..#.#.# #..#####..### ..#
#.....##.....


You could see a ribbon worm, a giant cockroach and a goblin.

Vanquished Creatures
  2 adders (D:2)
  3 dart slugs
  7 endoplasms
  A giant cockroach (D:1)
  A goblin (D:2)
  6 hobgoblins
  3 kobolds
  2 quokkas (D:2)
  5 ball pythons (D:1)
  5 bats
  3 frilled lizards
  5 rats
43 creatures vanquished.

Notes
Turn   | Place    | Note
-------+----------+-------------------------------------------
     0 | D:1      | timneilson the Octopode Shapeshifter began the quest for
                  | the Orb.
     0 | D:1      | Reached XP level 1. HP: 13/13 MP: 1/1
    49 | D:1      | Found Quigh's General Store.
    89 | D:1      | Reached XP level 2. HP: 18/18 MP: 2/2
   116 | D:1      | Reached skill level 1 in Stealth
   277 | D:1      | Reached XP level 3. HP: 23/23 MP: 3/3
   761 | D:2      | Reached XP level 4. HP: 27/29 MP: 4/4
  1204 | D:2      | Noticed Sigmund
  1273 | D:2      | Mangled by Sigmund

Illustrated notes

Levels and vault maps discovered:
D:1:      lightli_arrival_flooded_house, layout_loops_ring, serial_shops, shop
D:2:      layout_basic, uniq_sigmund

Skill      XL: |  1  2  3  4 |
---------------+-------------+-----
Stealth        | 1 2 |  2.1
Fighting       | 2 |  2.0
Dodging        | |  2.8
Unarmed Combat | |  3.6
Shapeshifting  | |  3.7

Action                     |  1- 3 |  4- 6 || total
---------------------------+-------+-------++-------
  Melee: Unarmed           |    49 |    27 ||    76
         Constrict         |    10 |     5 ||    15
         Tentacles         |     5 |     2 ||     7
         Punch             |       |     1 ||     1
  Throw: Dart              |       |     4 ||     4
    Use: Scroll            |     4 |       ||     4
   Stab: Sleeping          |     4 |     2 ||     6
         Distracted        |       |     1 ||     1
 Armour: Skin              |    17 |    18 ||    35
  Dodge: Dodged            |    23 |    15 ||    38

Table legend: (Time is in decaauts)
 A = Elapsed time spent in this place.
 B = Non-inter-level travel time spent in this place.
 C = Inter-level travel time spent in this place.
 D = Time resting spent in this place.
 E = Time spent auto-exploring this place.
 F = Levels seen in this place.
 G = Mean time per level.
                   A        B        C        D        E       F      G
               +--------+--------+--------+--------+--------+-----+--------+
         Total |   1269 |   1269 |      0 |     38 |    922 |   2 |  634.5 |
       Dungeon |   1269 |   1269 |      0 |     38 |    922 |   2 |  634.5 |
               +--------+--------+--------+--------+--------+-----+--------+

Top non-repeatable levels by time:
     D:1: 763 daAuts
     D:2: 505 daAuts
